Map: Écho EC

Players

RadianAngel - Winner!

  • Race: Zerg Zerg

AgCl

  • Race: Protoss Protoss

VOD

Have the link to the VOD?

Description

Time

  • Played on: May 24, 2015, 7:51 p.m.
  • Length: 2:45
Show
View Real Time Build Order
Export as new Build Order

RadianAngel Zerg - Winner!

Build Orders: Pool First 

Get SALT Encoding   

  12  0:01  Drone  
  13  0:09  Drone  
  14  0:16  Extractor  
  14  0:18  Drone  
  14  0:19  Extractor  
  13  0:21  Drone  
  16  0:36  Spawning Pool  
  16  0:38  Extractor  
  14  0:44  Overlord  
  14  1:09  Hatchery  
  13  1:23  Zergling x6  
  16  1:46  Queen  
  18  1:51  Drone  
  19  1:55  Drone  
  19  1:58  Drone  
  21  2:08  Drone  
  24  2:23  Drone  
  24  2:24  Overlord  
Show
View Real Time Build Order
Export as new Build Order

AgCl Protoss 

Build Orders: 1 Gate Expand 

Get SALT Encoding   

  12  0:05  Probe  
  13  0:17  Probe  
  14  0:25  Pylon  
  14  0:43  Probe  
  14  0:45  Gateway  
  15  0:55  Probe  
  16  1:01  Assimilator  
  16  1:07  Probe (Chrono Boost)  
  18  1:18  Probe (Chrono Boost)  
  18  1:25  Probe (Chrono Boost)  
  19  1:34  Nexus  
  19  1:37  Probe (Chrono Boost)  
  20  1:43  Cybernetics Core  
  20  1:49  Probe (Chrono Boost)  
  21  1:57  Probe (Chrono Boost)  
  22  2:02  Pylon  
  22  2:10  Pylon  
  24  2:40  Pylon  
Tags
 
Add a new tag
Caveats
  • Supply blocks, unpowered buildings, or Contaminate may cause inaccurate times.
  • Supply counts are checked every 10 seconds.